 Dungeon Crawl Stone Soup version 0.31.0-32-g396128a36d (webtiles) character file.

Game seed: 13419707469850282263

257 Minsecho the Slasher (level 6, -1/46 HPs)
             Began as a Barachi Warper on Mar 15, 2024.
             Splashed by a jelly's acid (5 damage)
             ... on level 4 of the Dungeon.
             The game lasted 00:11:47 (4336 turns).

Minsecho the Slasher (Barachi Warper)               Turns: 4336, Time: 00:11:47

Health: -1/46      AC: -2    Str: 12    XL:     6   Next: 16%
Magic:  0/9        EV: 17    Int: 14    God:
Gold:   139        SH:  0    Dex: 13    Spells: 4/9 levels left

rFire   + . .        m - +2 dagger (freeze)
rCold   . . .        (no shield)
rNeg    . . .        b - +0 leather armour
rPois   .            c - +0 helmet
rElec   .            (no cloak)
rCorr   .            (no gloves)
SInv    .            i - +0 pair of boots
Will    .....        A - amulet of guardian spirit
Stlth   +            k - +5 ring of evasion
HPRegen 0.27/turn    p - ring of protection from fire
MPRegen 0.11/turn

%: guardian spirit
@: mighty, brilliant, corroded, unable to hop, on blink cooldown, slow
A: amphibious, slowness 1, strong legs 1, +LOS
a: Hop


You were on level 4 of the Dungeon.
You visited 1 branch of the dungeon, and saw 4 of its levels.

You collected 159 gold pieces.
You spent 20 gold pieces at shops.

Inventory:

Hand Weapons
 a - a +0 falchion
 m - a +2 dagger of freezing (weapon)
 x - a +0 long sword
Missiles
 d - 7 darts of dispersal
 y - 3 stones (quivered)
Armour
 b - a +0 leather armour (worn)
 c - a +0 helmet (worn)
 g - a +0 ring mail
 h - a +0 scale mail
 i - a +0 pair of boots (worn)
 u - a +0 kite shield
Jewellery
 k - a +5 ring of evasion (left hand)
 p - a ring of protection from fire (right hand)
 t - a ring of protection from cold
 A - an amulet of guardian spirit (around neck)
Scrolls
 e - 2 scrolls of fog
 f - a scroll of identify
 j - 2 scrolls of noise {unknown}
 n - a scroll of enchant weapon {unknown}
 q - 2 scrolls of teleportation {unknown}
 s - 2 scrolls of vulnerability {unknown}
 w - a scroll of enchant armour {unknown}
Potions
 l - a potion of mutation {unknown}
 o - a potion of might
 r - a potion of brilliance
 v - a potion of heal wounds {unknown}
 z - 2 potions of cancellation {unknown}


   Skills:
 + Level 2.9 Fighting
 * Level 3.8 Long Blades
 + Level 1.0 Throwing
 + Level 3.0 Armour
 + Level 2.9 Dodging
 + Level 0.6 Stealth
 + Level 2.4 Spellcasting
 + Level 3.6 Translocations
 * Level 3.0 Ice Magic
 * Level 2.2 Air Magic


You had 4 spell levels left.
You knew the following spells:

 Your Spells              Type           Power      Damage    Failure   Level
a - Blink                 Tloc           34%        N/A       10%         2
b - Ozocubu's Armour      Ice            15%        N/A       24%         3

Your spell library contained the following spells:

 Spells                   Type           Power      Damage    Failure   Level
 Lesser Beckoning         Tloc           34%        N/A       10%         2
 Gell's Gravitas          Tloc           17%        N/A       19%         3
 Teleport Other           Tloc           17%        N/A       19%         3
 Mephitic Cloud           Conj/Alch/Air  5%         N/A       54%         3
 Manifold Assault         Tloc           17%        N/A       54%         4
 Dazzling Flash           Conj/Hex       4%         N/A       65%         3
 Vhi's Electric Charge    Tloc/Air       28%        N/A       65%         4
 Metabolic Englaciation   Hex/Ice        4%         N/A       99%         5
 Silence                  Hex/Air        3%         N/A       99%         5
 Curse of Agony           Necr           2%         N/A       100%        5
 Sculpt Simulacrum        Ice/Alch       4%         N/A       100%        6


Dungeon Overview and Level Annotations

Branches:
Dungeon (4/15)
 Temple: D:4-7

Altars:

Shops:
D:1 ?   D:2 =

Annotations:
D:1 Crazy Yiuf
D:3 Sigmund


Innate Abilities, Weirdness & Mutations

You are amphibious.
You cover ground slowly.
You can hop short distances.
You have an extended range of vision and can be seen from far away.


Message History

The jelly is lightly wounded.
You hit the jelly. You freeze the jelly. The acid corrodes you!
Your hands burn!
The jelly is lightly wounded.
The jelly barely misses you.
You hit the jelly. You freeze the jelly.
Your hands burn!
You punch the jelly, but do no damage.
The jelly is moderately wounded.
You hit the jelly but do no damage.
Your hands burn!
The jelly is moderately wounded.
The jelly completely misses you.
You hit the jelly but do no damage.
Your hands burn!
* * * LOW HITPOINT WARNING * * *
The jelly is moderately wounded.
The jelly closely misses you.
Casting: Ozocubu's Armour (quite dangerous; 24% risk of failure)
Confirm with . or Enter, or press ? or * to list all spells.
You blink.
Unknown command.
Okay, then.
Okay, then.
It was a potion of brilliance.
You feel clever all of a sudden. The jelly barely misses you.
Okay, then.
Casting: Blink (safe; 10% risk of failure)
Confirm with . or Enter, or press ? or * to list all spells.
You don't have enough magic to cast this spell.
Casting: Blink (safe; 10% risk of failure)
Confirm with . or Enter, or press ? or * to list all spells.
Okay, then.
You feel very mighty all of a sudden. The jelly closely misses you.
You hit the jelly. You freeze the jelly.
Your hands burn!
* * * LOW HITPOINT WARNING * * *
The jelly is heavily wounded.
The jelly hits you. The acid corrodes you!
You are splashed with acid.
* * * LOW HITPOINT WARNING * * *
You puncture the jelly! You freeze the jelly.
Your hands burn!
You die...

.......#.......#.......#.........
.....[.####'####..%....+.........
.......#.......#.......#.........
......##.......##......#.........
......+.........'......#........#
##...##.........##J..###......)..
.#'#.#...........#.#'######.#####
...#####.......#####......#.#####
.....# #'#...#'#@J.......>..[....
....####.#####.#...#.###..#######
....+..#.##....#......)..........
...###.........#.#.#.###..#######
...# ######....#.#.#...#.........
#### #....#.#.###.#......#.. #
#....#.#.....#.....###. #
#....#.#######....##.## #
#....#.............#.#.


You could see a jelly.

Vanquished Creatures
  A black bear (D:4)
  A bombardier beetle (D:4)
  Terence (D:3)
  Robin (D:3)
  An adder (D:3)
  3 dart slugs
  2 orcs (D:4)
  5 ball pythons
  6 bats
  7 endoplasms
  3 giant cockroaches
  11 goblins
  11 hobgoblins
  4 quokkas
  5 frilled lizards
  8 kobolds
  8 rats
78 creatures vanquished.

Notes
Turn   | Place    | Note
-------+----------+-------------------------------------------
     0 | D:1      | Minsecho the Barachi Warper began the quest for the Orb.
     0 | D:1      | Reached XP level 1. HP: 17/17 MP: 3/3
   112 | D:1      | Reached skill level 1 in Ice Magic
   127 | D:1      | Reached XP level 2. HP: 23/23 MP: 5/5
   156 | D:1      | Learned a level 2 spell: Blink
   297 | D:1      | Found a faded altar of an unknown god.
   777 | D:1      | Reached XP level 3. HP: 24/28 MP: 6/6
  1141 | D:1      | Found Omeorpho's Magic Scroll Emporium.
  1144 | D:1      | Bought a scroll of identify for 20 gold pieces
  1310 | D:2      | Found Toitoagg's Jewellery Boutique.
  1604 | D:2      | Found a runed translucent door.
  1605 | D:2      | Noticed Crazy Yiuf
  1870 | D:2      | Learned a level 3 spell: Ozocubu's Armour
  2156 | D:3      | Noticed Terence
  2179 | D:3      | Killed Terence
  2180 | D:3      | Reached skill level 1 in Air Magic
  2180 | D:3      | Reached XP level 4. HP: 16/34 MP: 7/7
  2399 | D:3      | Noticed Sigmund
  2920 | D:3      | Noticed Robin
  2957 | D:3      | Killed Robin
  3091 | D:3      | Reached XP level 5. HP: 39/39 MP: 8/8
  3642 | D:4      | Noticed a black bear
  3800 | D:4      | Identified the +3 flail of Zin's Condemnation {antimagic,
                  | Dex+2}
  4322 | D:4      | Killed a black bear
  4323 | D:4      | Reached XP level 6. HP: 20/46 MP: 3/9
  4336 | D:4      | Splashed by a jelly's acid

Illustrated notes

Levels and vault maps discovered:
D:1:      psy_arrival_radial01, layout_basic, ebering_ecumenical_altar_mist,
          serial_shops, nicolae_shop_rolled_up
D:2:      layout_loops_ring, serial_shops, nicolae_shop_behind_doors,
          uniq_crazy_yiuf_cottage
D:3:      layout_loops_corners, serial_shops,
          nicolae_shop_pleasant_corner_grove, uniq_terence, uniq_robin,
          uniq_sigmund
D:4:      nicolae_cairo_tiling_very_big, layout_basic,
          minmay_fractal_squares_gapless_5

Skill      XL: |  1  2  3  4  5 |
---------------+----------------+-----
Ice Magic      | 1 2 3 |  3.0
Air Magic      | 1 2 |  2.2
Long Blades    | 3 |  3.8
Armour         | 2 3 |  3.0
Fighting       | |  2.9
Throwing       | |  1.0
Dodging        | |  2.9
Stealth        | |  0.6
Spellcasting   | |  2.4
Translocations | |  3.6

Action                     |  1- 3 |  4- 6 || total
---------------------------+-------+-------++-------
  Melee: Falchion          |   106 |       ||   106
         Dagger            |    26 |   179 ||   205
         Punch             |       |     3 ||     3
  Throw: Stone             |       |     2 ||     2
   Cast: Ozocubu's Armour  |     1 |       ||     1
         Blink             |       |     4 ||     4
Ability: Hop               |       |     4 ||     4
    Use: Scroll            |     2 |     2 ||     4
         Potion            |       |     3 ||     3
 Armour: Leather armour    |    35 |    55 ||    90
         Ring mail         |    33 |       ||    33
  Dodge: Dodged            |    83 |   117 ||   200
